 Dungeon Crawl Stone Soup version 0.31-a0-523-g071a6c1ffa (webtiles) character file.

Game seed: 12306201561930256188

18066 Newt the Basher (level 12, -26/141 HPs)
             Began as a Demonspawn Fighter on Aug 11, 2023.
             Was a Priest of Makhleb.
             Annihilated by Rupert
             ... wielding a +0 heavy battleaxe
              (39 damage)
             ... on level 12 of the Dungeon.
             The game lasted 00:10:41 (9631 turns).

Newt the Basher (Demonspawn Fighter)                Turns: 9631, Time: 00:10:42

Health: -26/141    AC: 11    Str: 22    XL:     12   Next: 24%
Magic:  22/22      EV: 14    Int: 17    God:    Makhleb [***...]
Gold:   1001       SH:  9    Dex: 12    Spells: 23/25 levels left

rFire   . . .        Q - +4 flail "Canged" {flame, rElec Will- Int+7 SInv}
rCold   . . .        D - +0 kite shield
rNeg    . . .        L - +0 troll leather armour
rPois   .            (helmet unavailable)
rElec   +            k - +1 cloak
rCorr   .            (no gloves)
SInv    +            (no boots)
Will    .....        z - amulet of the acrobat Stlth
                     l - +5 ring of evasion
HPRegen 1.23/turn    t - +4 ring of protection
MPRegen 0.18/turn

%: acrobat
@: berserking (expiring), hasted, very quick
A: horns 3, rugged brown scales 1, ignite blood 1, spiny 1
a: Renounce Religion, Minor Destruction, Lesser Servant of Makhleb


You were on level 12 of the Dungeon.
You worshipped Makhleb.
Makhleb was most pleased with you.
You visited 2 branches of the dungeon, and saw 13 of its levels.
You also visited: Sewer.

You collected 1641 gold pieces.
You spent 640 gold pieces at shops.

Inventory:

Hand Weapons
 a - a +0 rapier
 d - a +1 whip of electrocution
 j - a +1 short sword of flaming
 I - a +0 club
 Q - the +4 flail "Canged" (weapon) {flame, rElec Will- Int+7 SInv}
   (You found it on level 9 of the Dungeon)

   Int+7:     It affects your intelligence (+7).
   rElec:     It insulates you from electricity.
   Will-:     It decreases your willpower.
   SInv:      It lets you see invisible.
Missiles
 A - 2 throwing nets
 H - 15 poisoned darts
 J - 3 curare-tipped darts
 K - 4 javelins
Armour
 b - a +0 scale mail
 c - a +0 buckler
 k - a +1 cloak (worn)
 B - +0 steam dragon scales
 D - a +0 kite shield (worn)
 G - a +0 leather armour of willpower
 L - a +0 troll leather armour (worn)
 R - a +1 ring mail of fire resistance
Jewellery
 l - a +5 ring of evasion (left hand)
 t - a +4 ring of protection (right hand)
 y - an amulet of magic regeneration
 z - an amulet of the acrobat (around neck)
 N - a ring of magical power
 U - a ring of resist corrosion
Wands
 g - a wand of polymorph (8)
 F - a wand of flame (26)
 S - a wand of acid (6)
Scrolls
 o - 2 scrolls of blinking
 p - 3 scrolls of fog
 r - a scroll of fear {unknown}
 s - a scroll of poison {unknown}
 C - 3 scrolls of identify
 E - a scroll of teleportation
 M - a scroll of enchant weapon
 O - a scroll of immolation {unknown}
 P - a scroll of amnesia {unknown}
 T - a scroll of enchant armour {unknown}
Potions
 e - 7 potions of curing
 f - 5 potions of heal wounds
 h - 5 potions of lignification
 i - 3 potions of mutation
 m - a potion of ambrosia
 n - 2 potions of enlightenment
 q - 4 potions of attraction
 u - 3 potions of brilliance
 w - a potion of degeneration
 x - a potion of haste


   Skills:
 - Level 8.0 Fighting
 - Level 3.0 Short Blades
 - Level 10.4 Maces & Flails
 + Level 7.8 Armour
 - Level 5.0 Shields
 - Level 7.1 Spellcasting
 - Level 7.1 Transmutations


You had 23 spell levels left.
You knew the following spells:

 Your Spells              Type           Power      Damage    Failure   Level
a - Wereblood             Tmut           30%        N/A       2%          2

Your spell library contained the following spells:

 Spells                   Type           Power      Damage    Failure   Level
 Blink                    Tloc           12%        N/A       38%         2
 Lesser Beckoning         Tloc           12%        N/A       38%         2
 Momentum Strike          Conj/Tloc      12%        3d8       38%         2
 Static Discharge         Conj/Air       12%        2-3/arc   38%         2
 Petrify                  Tmut/Erth      18%        N/A       54%         4
 Frozen Ramparts          Ice            12%        1d2       63%         3
 Ozocubu's Armour         Ice            6%         N/A       63%         3
 Summon Guardian Golem    Hex/Summ       6%         N/A       63%         3
 Irradiate                Conj/Tmut      9%         3d14      87%         5
 Airstrike                Air            3%         2d(1-17)  95%         4
 Animate Armour           Summ/Erth      12%        N/A       95%         4
 Summon Lightning Spire   Summ/Air       6%         N/A       95%         4
 Lee's Rapid Deconstruct  Erth           3%         3d5*      100%        5
 Metabolic Englaciation   Hex/Ice        3%         N/A       100%        5
 Simulacrum               Ice/Necr       3%         N/A       100%        6
 Orb of Destruction       Conj           3%         9d5       100%        7
 Spellforged Servitor     Conj/Summ      3%         N/A       100%        7


Dungeon Overview and Level Annotations

Branches:
Dungeon (12/15)            Temple (1/1) D:7            Lair (0/5) D:10
    Orc (0/2) D:9           Sewer (visited)

Altars:
Ashenzari
Cheibriados
Dithmenos
Fedhas
Gozag
Hepliaklqana
Kikubaaqudgha
Makhleb
Nemelex Xobeh
Okawaru
Qazlal
Ru
Sif Muna
Trog
Uskayaw
Vehumet
Wu Jian
Xom
Yredelemnul

Shops:
D:2 :!!!   D:10 :

Annotations:
D:12 Rupert


Innate Abilities, Weirdness & Mutations

You have a pair of large horns on your head.
You are partially covered in rugged brown scales. (AC +1, +3% HP)
Your demonic aura sometimes causes spilled blood to erupt in flames.
You are partially covered in sharp spines.


Message History

The kobold demonologist is almost dead.
Rupert hits you with a +0 heavy battleaxe!
The kobold demonologist hits you but does no damage.
The soul eater barely misses you.
Unknown command.
You sock the kobold demonologist! You burn the kobold demonologist.
You kill the kobold demonologist!
Makhleb accepts your kill.
The soul eater disappears in a puff of smoke!
Unknown command.
You barely miss Rupert.
Rupert is moderately wounded.
Rupert roars madly and goes into a rage!
Rupert goes berserk!
You bludgeon Rupert!! You burn Rupert. You headbutt Rupert.
Rupert is heavily wounded.
Rupert is engulfed in blazing flames.
Rupert hits you with a +0 heavy battleaxe!!!
* * * LOW HITPOINT WARNING * * *
You hear a shout!
You barely miss Rupert. You headbutt Rupert!!
Rupert is heavily wounded.
You sock Rupert! You burn Rupert.
Rupert is severely wounded.
Rupert is engulfed in blazing flames.
You block Rupert's attack.
You hit Rupert but do no damage.
Rupert is severely wounded.
Rupert is engulfed in blazing flames.
Rupert is struck by your spines.
Rupert hits you with a +0 heavy battleaxe!!
* * * LOW HITPOINT WARNING * * *
You sock Rupert! You burn Rupert. Your headbutt misses Rupert.
Rupert is severely wounded.
You barely miss Rupert. You headbutt Rupert!
Rupert is almost dead.
Rupert is engulfed in blazing flames.
You block Rupert's attack.
A kobold demonologist comes into view. It is wielding a +0 dagger.
You sock Rupert! You burn Rupert. You headbutt Rupert.
Rupert is almost dead.
Rupert hits you with a +0 heavy battleaxe!!!
You die...

. ##........ ..!
..## #.......# ....
...##.......##... .
..............#
.!.##...........##
.................#
>......<..:.....###
..................#
.........#@).......
........##@#.##....
..........°### ...
............ .#
............#
............#
.......K..
..........
...........


You could see Rupert (berserk) and a kobold demonologist.

Vanquished Creatures
  A boulder beetle (D:11)
  Pikel (D:4)
  Maggie (D:6)
  2 gargoyles (D:11)
  3 unseen horrors
  A komodo dragon (D:10)
  A kobold demonologist (D:12)
  2 trolls (D:9)
  Grinder (D:4)
  Prince Ribbit (D:5)
  Sigmund (D:2)
  A vampire (D:11)
  2 shadows
  9 yaks
  2 wyverns (D:9)
  Eustachio (D:4)
  2 wraiths
  3 steam dragons
  2 vampire mosquitoes (D:11)
  An acid dragon (D:10)
  Duvessa (D:4)
  3 water moccasins
  A black bear (D:4)
  A sky beast (D:6)
  An orc warrior (D:9)
  An ogre (D:6)
  4 centaurs
  A phantom (D:5)
  5 kobold brigands
  3 bullfrogs
  A gnoll sergeant (D:6)
  A scorpion (D:4)
  Dowan (D:4)
  10 killer bees
  4 howler monkeys
  A lava snake (D:8)
  Crazy Yiuf (D:2)
  3 hounds
  3 jellies
  2 orc priests
  A sleepcap (D:4)
  A gnoll bouda (D:6)
  3 iguanas
  5 orc wizards
  Robin (D:2)
  12 gnolls
  4 adders
  2 river rats (Sewer)
  A white imp (D:8)
  An ufetubus (D:4)
  8 worms
  5 dart slugs
  28 orcs
  4 endoplasms (D:1)
  3 giant cockroaches (D:1)
  22 goblins
  11 hobgoblins
  2 jackals (D:3)
  4 quokkas
  16 ball pythons
  8 bats (D:1)
  10 frilled lizards
  26 kobolds
  11 rats
275 creatures vanquished.

Notes
Turn   | Place    | Note
-------+----------+-------------------------------------------
     0 | D:1      | Newt the Demonspawn Fighter began the quest for the Orb.
     0 | D:1      | Reached XP level 1. HP: 18/18 MP: 1/1
   131 | D:1      | Gained mutation: Your demonic aura sometimes causes spilled
                  | blood to erupt in flames. [demonic ancestry]
   131 | D:1      | Reached XP level 2. HP: 23/24 MP: 2/2
   547 | D:1      | Gained mutation: You are partially covered in sharp spines.
                  | [demonic ancestry]
   547 | D:1      | Reached XP level 3. HP: 25/29 MP: 3/3
  1130 | D:2      | Found Imiquqot's Distillery.
  1138 | D:2      | Bought a potion of curing for 36 gold pieces
  1150 | D:2      | Found Dokaipn's Distillery.
  1221 | D:2      | Found Foimaotipp's Distillery.
  1339 | D:2      | Noticed Sigmund
  1590 | D:2      | You fall into a shaft and drop 2 floors!
  1614 | D:4      | Noticed a scorpion
  1621 | D:4      | Killed a scorpion
  1622 | D:4      | Gained mutation: You have a pair of small horns on your
                  | head. [demonic ancestry]
  1622 | D:4      | Reached XP level 4. HP: 35/38 MP: 4/4
  1674 | D:4      | Noticed Duvessa
  1674 | D:4      | Noticed Dowan
  1678 | D:4      | Noticed Grinder
  1682 | D:4      | Killed Duvessa
  1683 | D:4      | Reached skill level 5 in Fighting
  1683 | D:4      | Reached XP level 5. HP: 43/44 MP: 5/5
  1701 | D:4      | Killed Grinder
  1702 | D:4      | Reached skill level 5 in Armour
  1702 | D:4      | Reached XP level 6. HP: 29/51 MP: 6/6
  1704 | D:4      | Killed Dowan
  1861 | D:4      | Gained mutation: You have a pair of horns on your head.
                  | [demonic ancestry]
  1861 | D:4      | Reached XP level 7. HP: 48/58 MP: 7/7
  1863 | D:4      | Noticed Eustachio
  1882 | D:4      | Killed Eustachio
  2024 | D:4      | Noticed Pikel
  2037 | D:4      | Killed Pikel
  2038 | D:4      | Gained mutation: You are partially covered in rugged brown
                  | scales. (AC +1, +3% HP) [demonic ancestry]
  2038 | D:4      | Reached XP level 8. HP: 28/70 MP: 8/8
  3059 | D:3      | Found a broken altar of Ashenzari.
  3097 | D:3      | Reached skill level 5 in Shields
  3111 | D:3      | Identified a scroll of acquirement
  3111 | D:3      | Acquired 889 gold pieces
  3118 | D:3      | Found a hazy altar of Hepliaklqana.
  3269 | D:3      | Found an ancient bone altar of Kikubaaqudgha.
  3269 | D:3      | Found a shimmering blue altar of Sif Muna.
  3402 | D:3      | Reached skill level 1 in Maces & Flails
  3479 | D:3      | Found a glowing drain.
  3494 | Sewer    | Entered a sewer
  3917 | D:3      | Found a sacrificial altar of Ru.
  3993 | D:2      | Noticed Robin
  3993 | D:2      | Found an ornate altar of the Wu Jian Council.
  4000 | D:3      | Reached skill level 2 in Maces & Flails
  4020 | D:2      | Killed Sigmund
  4021 | D:2      | Reached skill level 3 in Maces & Flails
  4021 | D:2      | Killed Robin
  4089 | D:2      | Found Jeex's Book Boutique.
  4124 | D:2      | Bought a book of Changes for 198 gold pieces
  4328 | D:2      | Found a runed translucent door.
  4329 | D:2      | Noticed Crazy Yiuf
  4369 | D:2      | Killed Crazy Yiuf
  4428 | D:2      | Bought a potion of berserk rage for 70 gold pieces
  4428 | D:2      | Bought a potion of lignification for 42 gold pieces
  4428 | D:2      | Bought a potion of enlightenment for 70 gold pieces
  4428 | D:2      | Bought a potion of degeneration for 14 gold pieces
  4428 | D:2      | Bought a potion of attraction for 42 gold pieces
  4445 | D:2      | Bought a potion of brilliance for 56 gold pieces
  4445 | D:2      | Bought a potion of mutation for 112 gold pieces
  4519 | D:5      | Entered Level 5 of the Dungeon
  4603 | D:5      | Learned a level 2 spell: Wereblood
  4607 | D:5      | Reached skill level 4 in Maces & Flails
  4640 | D:5      | Noticed Prince Ribbit
  4646 | D:5      | Killed Prince Ribbit
  4647 | D:5      | Reached skill level 5 in Maces & Flails
  4670 | D:5      | Reached XP level 9. HP: 76/76 MP: 8/10
  4822 | D:5      | Reached skill level 1 in Spellcasting
  4822 | D:5      | Reached skill level 1 in Transmutations
  4951 | D:6      | Found an ornate altar of the Wu Jian Council.
  5052 | D:6      | Noticed Maggie
  5063 | D:6      | Killed Maggie
  6612 | D:7      | Found a staircase to the Ecumenical Temple.
  6647 | Temple   | Entered the Ecumenical Temple
  6662 | Temple   | Became a worshipper of Makhleb the Destroyer
  6751 | D:7      | Reached skill level 5 in Spellcasting
  6751 | D:7      | Reached skill level 5 in Transmutations
  6822 | D:7      | Found a blossoming altar of Fedhas.
  7053 | D:8      | Found a hide-covered altar of Uskayaw.
  7092 | D:8      | Gained mutation: You have a pair of large horns on your
                  | head. [demonic ancestry]
  7092 | D:8      | Reached XP level 10. HP: 82/82 MP: 14/17
  7226 | D:8      | Reached * piety under Makhleb
  7724 | D:9      | Found a shadowy altar of Dithmenos.
  7759 | D:9      | Found an iron altar of Okawaru.
  7916 | D:9      | Reached ** piety under Makhleb
  8007 | D:9      | Identified the +4 flail "Canged" {flame, rElec Will- Int+7
                  | SInv}
  8142 | D:9      | Found a staircase to the Orcish Mines.
  8210 | D:9      | Found a basalt altar of Yredelemnul.
  8334 | D:10     | Entered Level 10 of the Dungeon
  8374 | D:10     | Found a staircase to the Lair.
  8439 | D:10     | Found a sparkling altar of Nemelex Xobeh.
  8461 | D:10     | Reached skill level 6 in Maces & Flails
  8863 | D:10     | Found Raihurropn's Self-Improvement Boutique.
  9007 | D:11     | Reached skill level 10 in Maces & Flails
  9007 | D:11     | Reached XP level 11. HP: 88/88 MP: 21/21
  9162 | D:11     | Reached XP level 12. HP: 94/94 MP: 19/22
  9171 | D:11     | Reached *** piety under Makhleb
  9197 | D:11     | Noticed a boulder beetle
  9225 | D:11     | Killed a boulder beetle
  9608 | D:12     | Noticed Rupert
  9612 | D:12     | Paralysed by Rupert for 2 turns
  9617 | D:12     | Paralysed by Rupert for 2 turns
  9631 | D:12     | Annihilated by Rupert

Illustrated notes

Levels and vault maps discovered:
D:1:      dpeg_arrival_subterranean_lakeside_camping, layout_basic,
          hangedman_decor_push
D:2:      layout_basic, serial_shops, nicolae_shop_tiny_glass, shop,
          nicolae_shop_tiny_real_fake_doors, nicolae_book_shop_shelving,
          basic_altar, uniq_robin, uniq_crazy_yiuf_cottage, uniq_sigmund
D:3:      minmay_spotlight, layout_rooms, mainiacjoe_overflow_alcove_2,
          mainiacjoe_overflow_small_starburst,
          gammafunk_temple_overflow_elements, nicolae_ru_path_of_blood,
          cheibrodos_sewer_entry_bend
D:4:      layout_basic, uniq_duvessa, uniq_eustachio, uniq_grinder, uniq_pikel
D:5:      layout_rooms, uniq_prince_ribbit1
D:6:      layout_layer_cave, nicolae_overflow_hidden_temple,
          lemuel_crystal_altar, uniq_maggie
D:7:      layout_cave_pools, fedhas_altar_2, minmay_temple_entry_sparse_star
D:8:      layout_cave_pools, nicolae_uskayaw_suspiria, grunt_ministairs_4
D:9:      layout_cave_pools, grunt_dithmenos_smoke, kennysheep_okawaru_gauntlet,
          mainiacjoe_overflow_alcove_4, orc_0_dummy
D:10:     layout_basic, mainiacjoe_overflow_six_doors_small,
          david_lair_shrubbed, nicolae_shop_self_help
D:11:     layout_cave_pools
D:12:     layout_cave_pools, uniq_rupert
Temple:   hellmonk_temple_forest_ring

Skill      XL: |  1  2  3  4  5  6  7  8  9 10 11 12 |
---------------+-------------------------------------+-----
Short Blades   | 2 3 |  3.0
Fighting       | 4 5 6 8 |  8.0
Armour         | 3 5 7 |  7.8
Shields        | 4 5 |  5.0
Maces & Flails | 5 10 | 10.4
Spellcasting   | 5 7 |  7.1
Transmutations | 5 7 |  7.1

Action                     |  1- 3 |  4- 6 |  7- 9 | 10-12 || total
---------------------------+-------+-------+-------+-------++-------
  Melee: Rapier            |   110 |       |       |       ||   110
         Short sword       |    22 |    25 |    85 |       ||   132
         Headbutt          |       |     6 |    60 |    49 ||   115
         Unarmed           |       |     5 |       |       ||     5
         Whip              |       |       |   254 |   113 ||   367
         Flail             |       |       |       |   112 ||   112
   Cast: Wereblood         |       |       |     5 |     7 ||    12
  Evoke: Wand              |       |       |       |     3 ||     3
    Use: Scroll            |     3 |     1 |     4 |     3 ||    11
         Potion            |       |     2 |     1 |     3 ||     6
 Armour: Scale mail        |    55 |     6 |    67 |       ||   128
         Skin              |       |     1 |       |       ||     1
         Steam dragon scal |       |       |    31 |    20 ||    51
         Troll leather arm |       |       |       |    48 ||    48
  Dodge: Dodged            |    45 |    11 |   192 |   150 ||   398
  Block: Buckler           |    16 |     2 |    58 |       ||    76
         Kite shield       |       |       |    49 |   121 ||   170

Table legend: (Time is in decaauts)
 A = Elapsed time spent in this place.
 B = Non-inter-level travel time spent in this place.
 C = Inter-level travel time spent in this place.
 D = Time resting spent in this place.
 E = Time spent auto-exploring this place.
 F = Levels seen in this place.
 G = Mean time per level.
                   A        B        C        D        E       F      G
               +--------+--------+--------+--------+--------+-----+--------+
         Total |   9668 |   8876 |    792 |    455 |   6800 |  14 |  690.6 |
       Dungeon |   9287 |   8524 |    763 |    455 |   6566 |  12 |  773.9 |
        Temple |     30 |      1 |     29 |      0 |      0 |   1 |   30.0 |
         Sewer |    350 |    350 |      0 |      0 |    233 |   1 |  350.0 |
               +--------+--------+--------+--------+--------+-----+--------+

Top non-repeatable levels by time:
     D:6: 1597 daAuts
     D:4: 1473 daAuts
     D:1: 1213 daAuts
     D:2: 849 daAuts
     D:8: 703 daAuts
     D:3: 684 daAuts
    D:10: 674 daAuts
     D:9: 607 daAuts
    D:11: 598 daAuts
     D:7: 435 daAuts
     D:5: 425 daAuts
   Sewer: 350 daAuts
  Temple: 30 daAuts
    D:12: 24 daAuts
